 Dungeon Crawl Stone Soup version 0.22-a0-247-gbddf880757 (webtiles) character file.

84 marsu the Chopper (level 4, -4/39 HPs)
             Began as a Minotaur Berserker on Feb 24, 2018.
             Was a Believer of Trog.
             Killed by divine providence
             ... invoked by an orc priest
              (7 damage)
             ... on level 3 of the Dungeon.
             The game lasted 00:02:39 (1530 turns).

marsu the Chopper (Minotaur Berserker)              Turns: 1530, Time: 00:02:40

Health: -4/39      AC:  8    Str: 28    XL:     4   Next: 23%
Magic:  3/3        EV:  6    Int:  6    God:    Trog [**....]
Gold:   113        SH: 11    Dex: 10    Spells: 3/3 levels left

rFire    . . .     SeeInvis .   g - +2 hand axe (chop)
rCold    . . .     Gourm    .   r - +0 shield
rNeg     . . .     Faith    .   n - +0 chain mail
rPois    .         Spirit   .   (helmet restricted)
rElec    .         Reflect  +   (no cloak)
rCorr    .         Harm     .   (no gloves)
MR       .....                  (no boots)
Stlth    ..........             h - +3 amulet of reflection
HPRegen  0.13/turn              o - +6 ring of strength
MPRegen  0.08/turn              q - +2 ring of intelligence

@: no status effects
A: retaliatory headbutt, horns 2
a: Berserk, Trog's Hand, Renounce Religion


You were on level 3 of the Dungeon.
You worshipped Trog.
Trog was pleased with you.
You were not hungry.

You visited 1 branch of the dungeon, and saw 3 of its levels.

You collected 113 gold pieces.

Inventory:

Hand Weapons
 g - a +2 hand axe of chopping (weapon)
Missiles
 a - 11 needles of confusion
 f - 4 curare-tipped needles
 l - 6 steel javelins
 Q - 61 stones (quivered)
Armour
 b - a +0 animal skin
 j - a +0 scale mail
 n - a +0 chain mail (worn)
 r - a +0 shield (worn)
Jewellery
 e - an uncursed ring of fire {rF+, rC-}
 h - a +3 amulet of reflection (around neck)
 o - a +6 ring of strength (left hand)
 q - a +2 ring of intelligence (right hand)
Scrolls
 i - a scroll of remove curse {unknown}
Potions
 k - a potion of curing {unknown}
 m - a potion of heal wounds {unknown}
 p - a potion of agility
 t - 2 potions of berserk rage {unknown}
Comestibles
 c - 4 rations
 s - 19 chunks of flesh


   Skills:
 - Level 3.6 Fighting
 * Level 6.0 Axes
 - Level 2.4 Armour
 - Level 2.1 Dodging
 + Level 0.9 Shields


You had 3 spell levels left.
You didn't know any spells.

Dungeon Overview and Level Annotations

Branches:
Dungeon (3/15)

Altars:


Innate Abilities, Weirdness & Mutations

You reflexively headbutt those who attack you in melee.
You have a pair of horns on your head.


Message History

MASSIVE DAMAGE!!
As you read the scroll labeled OROTHR CUUZAEZ, it crumbles to dust.
It is a scroll of enchant weapon.
Your +1 hand axe of chopping glows red for a moment.
As you read the scroll labeled BIEMEUBRILLE, it crumbles to dust.
You assume a fearsome visage.
The orc priest looks frightened!
The orc wizard looks frightened!
The orc priest looks frightened!
It was a scroll of fear.
The orc wizard gestures wildly while chanting.
The orc wizard blinks!
The orc wizard mumbles some strange words.
The orc wizard blinks!
The orc wizard casts a spell.
The orc wizard blinks!
The orc wizard gestures wildly while chanting.
The orc wizard blinks!
There is a stone staircase leading down here.
The orc priest mumbles some strange prayers to Beogh against you.
Beogh smites you!
You die...

#..#.#.o#.....#.....)...
.....[#o........#.#.#)#)#
####.###.......#.......#.#
#. #o#....#..#....##.# #.
#.#...#.......###.#
#.###o#.......#..##....
#...............####.##
....###.#######.#### #.#
## #.@.....####.# #.#
...........#.# #.###.#
##########.# #.##..# #
#.##.## #.#..### #.......
###.#### ##.# #..#


You could see an orc priest and 2 orcs.

Vault maps used:
D:1:      tarquinn_simple_flora_water_d
D:2:      uniq_jessica
D:3:      hangedman_decor_opposing, minivault_26, uniq_robin

Notes
Turn   | Place    | Note
-------+----------+-------------------------------------------
     0 | D:1      | marsu the Minotaur Berserker began the quest for the Orb.
     0 | D:1      | Reached XP level 1. HP: 19/19 MP: 0/0
    71 | D:1      | Reached skill level 4 in Axes
    79 | D:1      | Identified a ring of fire (You found it on level 1 of the Dungeon)
   111 | D:1      | Reached XP level 2. HP: 22/26 MP: 1/1
   151 | D:1      | Identified a +1 hand axe of chopping (You found it on level 1 of the Dungeon)
   328 | D:1      | Identified an amulet of reflection (You found it on level 1 of the Dungeon)
   401 | D:1      | Identified a +0 scale mail (You found it on level 1 of the Dungeon)
   760 | D:2      | Identified a +0 chain mail (You found it on level 2 of the Dungeon)
   779 | D:2      | Reached skill level 5 in Axes
   897 | D:2      | Identified a ring of strength (You found it on level 2 of the Dungeon)
   920 | D:2      | Identified a ring of intelligence (You found it on level 2 of the Dungeon)
   926 | D:2      | Noticed Jessica
   931 | D:2      | Identified 2 potions of agility
   936 | D:2      | Killed Jessica
   936 | D:2      | Reached XP level 3. HP: 22/31 MP: 2/2
  1263 | D:2      | Identified a +0 shield (You found it on level 2 of the Dungeon)
  1426 | D:3      | Noticed Robin
  1432 | D:3      | Reached ** piety under Trog
  1432 | D:3      | Reached XP level 4. HP: 39/39 MP: 3/3
  1434 | D:3      | Killed Robin
  1434 | D:3      | Reached skill level 6 in Axes
  1520 | D:3      | HP: 1/39 [orc priest/divine providence (12)]
  1521 | D:3      | Identified a scroll of enchant weapon
  1522 | D:3      | Identified a scroll of fear
  1530 | D:3      | Killed from afar by an orc priest

Table legend:
 A = Turns spent in this place as a percentage of turns spent in the entire game.
 B = Non-inter-level travel turns spent in this place as a percentage of non-inter-level travel turns spent in the entire game.
 C = Inter-level travel turns spent in this place as a percentage of turns spent in this place.
 D = Turns resting spent in this place as a percentage of non-inter-level travel turns spent in this place.
 E = Turns spent auto-exploring this place as a percentage of non-inter-level travel turns spent in this place.
 F = Non-inter-level travel turns spent in this place divided by the number of levels of this place that you've seen.
                   A       B       C       D       E      F
               +-------+-------+-------+-------+-------+----------------------
         Total | 100.0 | 100.0 |   3.5 |  14.5 |  64.0 | 492.0
       Dungeon | 100.0 | 100.0 |   3.5 |  14.5 |  64.0 | 492.0
               +-------+-------+-------+-------+-------+----------------------

Table legend:
 A = Kills in this place as a percentage of kills in entire the game.
 B = Kills by you in this place as a percentage of kills by you in the entire game.
 C = Kills by friends in this place as a percentage of kills by friends in the entire game.
 D = Other kills in this place as a percentage of other kills in the entire game.
 E = Experience gained in this place as a percentage of experience gained in the entire game.
 F = Experience gained in this place divided by the number of levels of this place that you have seen.
                   A       B       C       D       E      F
               +-------+-------+-------+-------+-------+----------------------
         Total | 100.0 | 100.0 |   N/A | 100.0 | 100.0 |  40.0
       Dungeon | 100.0 | 100.0 |   N/A | 100.0 | 100.0 |  40.0
               +-------+-------+-------+-------+-------+----------------------

Skill      XL: |  1  2  3  4 |
---------------+-------------+-----
Axes           | 4 5 6 |  6.0
Fighting       | |  3.6
Armour         | |  2.4
Dodging        | |  2.1
Shields        | |  0.9

Action                   |  1- 3 |  4- 6 || total
-------------------------+-------+-------++-------
Melee: Hand axe          |    68 |     3 ||    71
       Headbutt          |     6 |     2 ||     8
Invok: Berserk           |     2 |       ||     2
  Use: Potion            |     1 |       ||     1
       Scroll            |       |     2 ||     2
  Eat: Chunk             |     2 |     2 ||     4
Armor: Animal skin       |    13 |       ||    13
       Chain mail        |     8 |     1 ||     9
       Scale mail        |     2 |       ||     2
Dodge: Dodged            |    47 |     1 ||    48
Block: Other             |     7 |       ||     7
       Shield            |     4 |     2 ||     6
       Reflection        |       |     1 ||     1

Vanquished Creatures
  Jessica (D:2)
  Robin (D:3)
  A worm (D:2)
  A bat (D:1)
  2 giant cockroaches (D:1)
  13 goblins
  8 hobgoblins
  2 jackals (D:1)
  2 kobolds (D:1)
  4 frilled lizards (D:1)
  6 rats
41 creatures vanquished.

Vanquished Creatures (others)
  A goblin (D:3)
1 creature vanquished.

Grand Total: 42 creatures vanquished
